 Dungeon Crawl Stone Soup version 0.30-b1-2-g02819fbbbe (webtiles) character file.

Game seed: 13580645542688063168

72 Borgoz the Cudgeller (level 4, -3/43 HPs)
             Began as a Gargoyle Berserker on June 18, 2023.
             Was a Believer of Trog.
             Slain by an iguana (4 damage)
             ... on level 4 of the Dungeon.
             The game lasted 00:03:04 (2181 turns).

Borgoz the Cudgeller (Gargoyle Berserker)           Turns: 2181, Time: 00:03:05

Health: -3/43      AC:  5    Str: 20    XL:     4   Next: 25%
Magic:  4/4        EV: 12    Int: 14    God:    Trog [**....]
Gold:   175        SH:  0    Dex: 11    Spells: 3/3 levels left

rFire   . . .        a - +6 morningstar of Amortisation {flame, rC+ Will+ rCorr}
rCold   + . .        (no shield)
rNeg    + . .        b - +0 animal skin
rPois   ∞            (no helmet)
rElec   +            (no cloak)
rCorr   +            (no gloves)
SInv    .            (no boots)
Will    +....        (no amulet) Stlth
                     e - +6 ring of intelligence
HPRegen 0.27/turn    (no ring)
MPRegen 0.09/turn

%: no passive effects
@: berserking, very quick
A: sickness immunity, AC +3, negative energy resistance 1, electricity
resistance, torment resistance 1, petrification resistance
a: Renounce Religion, Berserk, Trog's Hand


You were on level 4 of the Dungeon.
You worshipped Trog.
Trog was pleased with you.
You visited 1 branch of the dungeon, and saw 4 of its levels.

You collected 175 gold pieces.

Inventory:

Hand Weapons
 a - the +6 morningstar of Amortisation (weapon) {flame, rC+ Will+ rCorr}
   (You acquired it on level 2 of the Dungeon)

   rC:        It protects you from cold.
   rCorr:     It protects you from acid and corrosion.
   Will:      It increases your willpower.
Armour
 b - a +0 animal skin (worn)
Jewellery
 d - a ring of ice
 e - a +6 ring of intelligence (left hand)
Scrolls
 c - a scroll of acquirement
 f - a scroll of fear {unknown}
 j - a scroll of enchant armour {unknown}
 k - 2 scrolls of identify
Potions
 g - a potion of might {unknown}
 h - a potion of mutation {unknown}
 i - a potion of invisibility {unknown}
 l - a potion of brilliance {unknown}


   Skills:
 + Level 3.8 Fighting
 * Level 3.9 Maces & Flails
 + Level 2.8 Armour
 + Level 2.1 Dodging


You had 3 spell levels left.
You didn't know any spells.
Your spell library was empty.

Dungeon Overview and Level Annotations

Branches:
Dungeon (4/15)
 Temple: D:4-7

Altars:

Shops:
D:3 (

Annotations:
D:4 Natasha


Innate Abilities, Weirdness & Mutations

You are immune to sickness and miasma.
Your stone body is resilient. (AC +3)
You are immune to poison.
You resist negative energy. (rN+)
You are resistant to electric shocks. (rElec)
You are resistant to unholy torment.
You are immune to petrification.


Message History

You sock the dart slug! You burn the dart slug.
You kill the dart slug!
Trog accepts your kill.
No target in view!
No target in view!
No target in view!
No target in view!
No target in view!
No target in view!
No target in view!
No target in view!
No target in view!
Found a club.
You see here a dart slug corpse.
A steam dragon comes into view.
A steam dragon is nearby!
An iguana comes into view.
The iguana hisses angrily.
The steam dragon hisses angrily.
The steam dragon breathes steam at you. The ball of steam hits you.
You hear an angry hiss.
You hear a shout!
No reachable target in view!
You are engulfed in a cloud of scalding steam.
A scorpion comes into view.
The steam dragon closely misses you. x2; The iguana misses you.
A red film seems to cover your vision as you go berserk!
You feel yourself moving faster!
You feel mighty! The steam dragon barely misses you.
The steam dragon claws you. The iguana bites you!
You barely miss the iguana.
Natasha, Servant of Life and Death comes into view.
The iguana bites you!
* * * LOW HITPOINT WARNING * * *
The steam dragon completely misses you. The steam dragon barely misses you.
You are too berserk!
You closely miss the steam dragon. The steam dragon misses you.
The steam dragon claws you.
* * * LOW HITPOINT WARNING * * *
The iguana bites you.
You die...

## #..# #......
#.##..# #
#.##..#.#
###.##..#.##
...##s....
#§##..#.#
#§..@D..#
#.##.l### #
#.##.h# ..
#.##....
#.#######.##..###
#......##.##..#
#.#.......##..#
#.........)####
#.#.##†#####


You could see a steam dragon, a scorpion, an iguana and Natasha.

Vanquished Creatures
  2 adders (D:3)
  A worm (D:3)
  2 dart slugs
  3 orcs (D:3)
  6 ball pythons
  4 endoplasms
  3 giant cockroaches
  2 goblins (D:3)
  4 hobgoblins
  4 kobolds
  2 quokkas
  2 bats (D:1)
  5 frilled lizards
  4 rats
44 creatures vanquished.

Notes
Turn   | Place    | Note
-------+----------+-------------------------------------------
     0 | D:1      | Borgoz the Gargoyle Berserker began the quest for the Orb.
     0 | D:1      | Reached XP level 1. HP: 14/14 MP: 1/1
    35 | D:1      | Reached XP level 2. HP: 9/19 MP: 2/2
   381 | D:1      | Reached XP level 3. HP: 23/23 MP: 3/3
   731 | D:2      | Found a faded altar of an unknown god.
  1505 | D:2      | Identified a scroll of acquirement
  1505 | D:2      | Acquired the +6 morningstar of Amortisation {flame, rC+
                  | Will+ rCorr}
  1661 | D:3      | Reached ** piety under Trog
  1680 | D:3      | Reached XP level 4. HP: 28/29 MP: 4/4
  1763 | D:3      | Found Gipnucos's Antique Weapon Emporium.
  2174 | D:4      | Noticed a steam dragon
  2177 | D:4      | Noticed a scorpion
  2180 | D:4      | Noticed Natasha
  2180 | D:4      | HP: 2/43 [iguana (11)]
  2181 | D:4      | Slain by an iguana

Illustrated notes

Levels and vault maps discovered:
D:1:      minmay_arrival_arboretum_small, layout_basic
D:2:      layout_basic, dreamdust_ecumenical_altar_angels_and_demons,
          serial_forest, infiniplex_forest_clump_small,
          infiniplex_forest_side_room, infiniplex_forest_corner_1,
          infiniplex_forest_lined_corner, infiniplex_forest_clump_diagonal,
          infiniplex_forest_lined_room_2, nicolae_eternal_life
D:3:      layout_loops_ring, serial_shops, shop_statue, minmay_misc_feat_hallway
D:4:      layout_loops_ring, nicolae_overflow_crystal_walls, tgw_sif,
          minmay_vboxes, uniq_eustachio, uniq_natasha, uniq_menkaure

Skill      XL: |  1  2  3 |
---------------+----------+-----
Dodging        | 2 |  2.1
Fighting       | |  3.8
Maces & Flails | |  3.9
Armour         | |  2.8

Action                     |  1- 3 |  4- 6 || total
---------------------------+-------+-------++-------
  Melee: Mace              |    71 |       ||    71
         Morningstar       |    17 |    19 ||    36
 Invoke: Berserk           |     1 |     1 ||     2
    Use: Scroll            |     3 |       ||     3
 Armour: Animal skin       |    34 |     6 ||    40
  Dodge: Dodged            |    67 |    16 ||    83
